 Dungeon Crawl Stone Soup version 0.30.1-4-g462c640d31 (webtiles) character file.

Game seed: 632779017494143925

890 jtron the Firebug (level 8, -5/60 HPs)
             Began as a Gnoll Wanderer on Aug 11, 2023.
             Succumbed to a scorpion's poison
             ... on level 5 of the Dungeon.
             The game lasted 00:10:46 (3799 turns).

jtron the Firebug (Gnoll Wanderer)                  Turns: 3799, Time: 00:10:46

Health: -5/60      AC:  4    Str: 11    XL:     8   Next: 6%
Magic:  14/14      EV: 13    Int: 24    God:
Gold:   221        SH:  0    Dex: 14    Spells: 9/15 levels left

rFire   . . .        h - +1 quarterstaff (freeze)
rCold   . . .        (shield currently unavailable)
rNeg    . . .        c - +0 robe
rPois   .            (no helmet)
rElec   .            l - +0 cloak
rCorr   .            t - +0 pair of gloves
SInv    .            (no boots)
Will    .....        (no amulet)
Stlth   ++           g - +6 ring of intelligence
HPRegen 0.30/turn    r - +6 ring of intelligence
MPRegen 0.14/turn

%: no passive effects
@: lethally poisoned (-5 -> -32)
A: fangs 1, strong nose, distributed training
a: no special abilities


You were on level 5 of the Dungeon.
You visited 1 branch of the dungeon, and saw 5 of its levels.

You collected 221 gold pieces.

Inventory:

Hand Weapons
 a - a +3 quarterstaff of chaos
 h - a +1 quarterstaff of freezing (weapon)
 u - a +1 hand axe of distortion
Missiles
 f - 3 javelins
 o - 6 atropa-tipped darts
 q - 5 poisoned darts (quivered)
Armour
 c - a +0 robe (worn)
 l - a +0 cloak (worn)
 t - a +0 pair of gloves (worn)
Jewellery
 g - a +6 ring of intelligence (left hand)
 k - an amulet of faith
 n - a ring of ice
 r - a +6 ring of intelligence (right hand)
Scrolls
 b - 5 scrolls of fear
 p - 2 scrolls of identify
Potions
 d - a potion of magic
 e - a potion of haste
 m - a potion of ambrosia
 s - a potion of attraction {unknown}
 v - 2 potions of resistance {unknown}
 w - a potion of mutation {unknown}


   Skills:
 + Level 4.0 Fighting
 + Level 3.0 Short Blades
 + Level 3.0 Long Blades
 + Level 3.0 Axes
 + Level 3.0 Maces & Flails
 + Level 3.0 Polearms
 + Level 5.5 Staves
 + Level 3.0 Ranged Weapons
 + Level 3.0 Throwing
 + Level 4.0 Armour
 + Level 3.0 Dodging
 + Level 3.0 Stealth
 + Level 3.0 Shields
 + Level 3.0 Unarmed Combat
 + Level 4.2 Spellcasting
 + Level 2.4 Conjurations
 + Level 2.4 Hexes
 + Level 2.4 Summonings
 + Level 2.4 Necromancy
 + Level 2.4 Translocations
 + Level 2.4 Transmutations
 + Level 6.0 Fire Magic
 + Level 2.4 Ice Magic
 + Level 2.4 Air Magic
 + Level 2.4 Earth Magic
 + Level 2.4 Poison Magic
 + Level 4.3 Invocations
 + Level 4.0 Evocations


You had 9 spell levels left.
You knew the following spells:

 Your Spells              Type           Power      Damage    Failure   Level
a - Foxfire               Conj/Fire      100%       2x1d9     1%          1
b - Volatile Blastmotes   Fire/Tloc      50%        2d14      4%          3
c - Blink                 Tloc           32%        N/A       5%          2

Your spell library contained the following spells:

 Spells                   Type           Power      Damage    Failure   Level
 Dazzling Flash           Conj/Hex       32%        N/A       11%         3
 Sticky Flame             Conj/Fire      25%        2d5       17%         4
 Iskenderun's Mystic Bla  Conj/Tloc      16%        2d5       34%         4
 Manifold Assault         Tloc           16%        N/A       34%         4
 Summon Forest            Summ/Tloc      8%         N/A       67%         5
 Summon Mana Viper        Hex/Summ       16%        N/A       67%         5
 Starburst                Conj/Fire      12%        6d5       95%         6
 Summon Cactus Giant      Summ           8%         N/A       99%         6
 Storm Form               Tmut/Air       8%         N/A       100%        7


Dungeon Overview and Level Annotations

Branches:
Dungeon (5/15)
 Temple: D:4-7

Altars:
Nemelex Xobeh
Wu Jian


Innate Abilities, Weirdness & Mutations

You have very sharp teeth.
Your uncanny sense of smell can sniff out nearby items.
Your experience applies equally to all skills.


Message History

Found a stone staircase leading up and a stone staircase leading down.
The helpless scorpion fails to defend itself.
You hit the scorpion. You freeze the scorpion.
The scorpion is moderately wounded.
You feel sick. The scorpion closely misses you.
You closely miss the scorpion.
The scorpion is moderately wounded.
You feel sick. The scorpion closely misses you.
You barely miss the scorpion.
The scorpion is moderately wounded.
You feel sick. The scorpion completely misses you.
You hit the scorpion but do no damage.
The scorpion is moderately wounded.
You feel sick.
The scorpion stings you but does no damage.
You barely miss the scorpion. Your bite misses the scorpion.
The scorpion is moderately wounded.
You feel sick.
The scorpion stings you but does no damage. x2
The scorpion stings you.
You are more poisoned.
The scorpion poisons you! The scorpion closely misses you.
You barely miss the scorpion.
You feel very sick. The scorpion stings you.
* * * LOW HITPOINT WARNING * * *
You are lethally poisoned!
The scorpion poisons you! The scorpion stings you.
* * * LOW HITPOINT WARNING * * *
You are more poisoned.
The scorpion poisons you!
You hit the scorpion. You freeze the scorpion.
The scorpion is heavily wounded.
* * * LOW HITPOINT WARNING * * *
You feel extremely sick. The scorpion stings you.
* * * LOW HITPOINT WARNING * * *
The scorpion stings you but does no damage.
You barely miss the scorpion.
You die...

### ## ∆ ... ..
.. .# #. ..####
######.##......
#..$.>s.s......
>....<.@#
..####.## ...
#### ∆


You could see 2 scorpions.

Vanquished Creatures
  Grinder (D:3)
  A black bear (D:4)
  2 ogres (D:4)
  2 scorpions
  Crazy Yiuf (D:2)
  2 iguanas (D:4)
  Natasha (twice) (D:2)
  5 gnolls
  6 adders
  4 worms
  10 orcs
  6 bats
  3 endoplasms
  A giant cockroach (D:3)
  7 goblins
  8 hobgoblins
  4 jackals (D:4)
  3 kobolds
  2 quokkas
  9 ball pythons
  2 frilled lizards (D:1)
  10 rats
91 creatures vanquished.

Vanquished Creatures (others)
  35 foxfires
35 creatures vanquished.

Grand Total: 126 creatures vanquished

Notes
Turn   | Place    | Note
-------+----------+-------------------------------------------
     0 | D:1      | jtron the Gnoll Wanderer began the quest for the Orb.
     0 | D:1      | jtron set off with the following items: a +1 quarterstaff,
                  | a scroll of fear, a +0 robe; and the following spell
                  | memorised: Foxfire; and the following spells available to
                  | memorise: Volatile Blastmotes, Sticky Flame.
     0 | D:1      | Reached XP level 1. HP: 17/17 MP: 4/4
   179 | D:1      | Reached XP level 2. HP: 22/23 MP: 5/5
   334 | D:1      | Reached XP level 3. HP: 25/28 MP: 5/7
   697 | D:2      | Noticed Natasha
   702 | D:2      | Killed Natasha
   703 | D:2      | Reached skill level 1 in Short Blades
   703 | D:2      | Reached skill level 1 in Long Blades
   703 | D:2      | Reached skill level 1 in Axes
   703 | D:2      | Reached skill level 1 in Maces & Flails
   703 | D:2      | Reached skill level 1 in Polearms
   703 | D:2      | Reached skill level 1 in Ranged Weapons
   703 | D:2      | Reached skill level 1 in Throwing
   703 | D:2      | Reached skill level 1 in Dodging
   703 | D:2      | Reached skill level 1 in Stealth
   703 | D:2      | Reached skill level 1 in Shields
   703 | D:2      | Reached skill level 1 in Unarmed Combat
   703 | D:2      | Reached XP level 4. HP: 31/34 MP: 6/8
   786 | D:2      | Noticed Natasha
   827 | D:2      | Killed Natasha
   828 | D:2      | Reached skill level 1 in Conjurations
   828 | D:2      | Reached skill level 1 in Hexes
   828 | D:2      | Reached skill level 1 in Summonings
   828 | D:2      | Reached skill level 1 in Necromancy
   828 | D:2      | Reached skill level 1 in Translocations
   828 | D:2      | Reached skill level 1 in Transmutations
   828 | D:2      | Reached skill level 1 in Ice Magic
   828 | D:2      | Reached skill level 1 in Air Magic
   828 | D:2      | Reached skill level 1 in Earth Magic
   828 | D:2      | Reached skill level 1 in Poison Magic
  1172 | D:2      | Found a runed translucent door.
  1173 | D:2      | Noticed Crazy Yiuf
  1398 | D:2      | Killed Crazy Yiuf
  1399 | D:2      | Reached XP level 5. HP: 40/40 MP: 9/9
  1510 | D:3      | Learned a level 3 spell: Volatile Blastmotes
  1663 | D:3      | Found a faded altar of an unknown god.
  1704 | D:3      | You fall into a shaft and drop 1 floor!
  1738 | D:4      | Noticed a black bear
  1748 | D:4      | Noticed an ogre
  1755 | D:3      | Noticed Grinder
  1773 | D:3      | Killed Grinder
  1774 | D:3      | Reached skill level 5 in Staves
  1774 | D:3      | Reached XP level 6. HP: 22/47 MP: 9/11
  2248 | D:3      | Reached XP level 7. HP: 52/52 MP: 12/12
  2406 | D:3      | Learned a level 2 spell: Blink
  2701 | D:4      | Found an ornate altar of the Wu Jian Council.
  3204 | D:4      | Found a sparkling altar of Nemelex Xobeh.
  3335 | D:4      | Reached skill level 6 in Fire Magic
  3380 | D:4      | Reached XP level 8. HP: 40/60 MP: 14/14
  3791 | D:5      | Entered Level 5 of the Dungeon
  3798 | D:5      | HP: 2/60 [poisoned by a scorpion]
  3799 | D:5      | Succumbed to a scorpion's poison

Illustrated notes

Levels and vault maps discovered:
D:1:      amcnicky_arrival_abandoned_market, layout_rooms
D:2:      layout_rooms, hangedman_decor_peaks_small, st_stairs_8,
          uniq_crazy_yiuf_cottage, uniq_natasha
D:3:      minmay_razor_zed, layout_rooms, basic_ecumenical_altar, uniq_grinder
D:4:      layout_layer_cave, nemelex_spade_bored_becter,
          mainiacjoe_overflow_chevrons
D:5:      layout_loops_ring, minmay_temple_entry_overgrown,
          gammafunk_ghost_nasty_kobolds, nicolae_take_the_stairs,
          uniq_prince_ribbit1, uniq_duvessa

Skill      XL: |  1  2  3  4  5  6  7 |
---------------+----------------------+-----
Short Blades   | 1 2 3 |  3.0
Long Blades    | 1 2 3 |  3.0
Axes           | 1 2 3 |  3.0
Maces & Flails | 1 2 3 |  3.0
Polearms       | 1 2 3 |  3.0
Ranged Weapons | 1 2 3 |  3.0
Throwing       | 1 2 3 |  3.0
Dodging        | 1 2 3 |  3.0
Stealth        | 1 2 3 |  3.0
Shields        | 1 2 3 |  3.0
Unarmed Combat | 1 2 3 |  3.0
Spellcasting   | 3 4 |  4.2
Conjurations   | 1 2 |  2.4
Hexes          | 1 2 |  2.4
Summonings     | 1 2 |  2.4
Necromancy     | 1 2 |  2.4
Translocations | 1 2 |  2.4
Transmutations | 1 2 |  2.4
Ice Magic      | 1 2 |  2.4
Air Magic      | 1 2 |  2.4
Earth Magic    | 1 2 |  2.4
Poison Magic   | 1 2 |  2.4
Invocations    | 3 4 |  4.3
Fighting       | 3 4 |  4.0
Armour         | 3 4 |  4.0
Evocations     | 3 4 |  4.0
Staves         | 5 |  5.5
Fire Magic     | 6 |  6.0

Action                     |  1- 3 |  4- 6 |  7- 9 || total
---------------------------+-------+-------+-------++-------
  Melee: Quarterstaff      |    42 |    92 |    89 ||   223
         Bite              |     3 |     6 |     8 ||    17
  Throw: Dart              |       |       |     4 ||     4
   Cast: Foxfire           |     7 |    12 |     3 ||    22
         Volatile Blastmot |       |     1 |     1 ||     2
    Use: Scroll            |       |     9 |     2 ||    11
         Potion            |       |     2 |     2 ||     4
   Stab: Sleeping          |       |     3 |     5 ||     8
         Confused          |       |     1 |       ||     1
 Armour: Robe              |    10 |    15 |    27 ||    52
  Dodge: Dodged            |    31 |    52 |    79 ||   162
